 Dungeon Crawl Stone Soup version 0.20.1-1-g8b1a95d (webtiles) character file.

65 vatarom the Firebug (level 3, 0/39 HPs)
             Began as a Demonspawn Fire Elementalist on Oct 1, 2017.
             Slain by Crazy Yiuf
             ... wielding a +3 quarterstaff of chaos
              (1 damage)
             ... on level 2 of the Dungeon.
             The game lasted 00:07:09 (1702 turns).

vatarom the Firebug (Demonspawn Fire Elementalist)  Turns: 1702, Time: 00:07:09

Health: 0/39       AC: 21    Str:  8    XL:     3   Next: 92%
Magic:  0/6        EV:  2    Int: 17    God:
Gold:   76         SH:  0    Dex: 13    Spells: 1/7 levels left

rFire    . . .     SeeInvis .   e - +0 dagger
rCold    . . .     Gourm    .   (no shield)
rNeg     + + +     Faith    .   (armour currently unavailable)
rPois    +         Spirit   .   (helmet currently unavailable)
rElec    .         Reflect  .   (cloak currently unavailable)
rCorr    .         Harm     .   (gloves currently unavailable)
MR       .....     NoTele   +   (boots currently unavailable)
Stlth    ++........             (no amulet)
Regen    0.2/turn               (no ring)
MPRegen  0.1/turn               (no ring)

@: lethally poisoned (0 -> -3), tree-form, very slightly contaminated, slowed,
invisible, very slow
A: no striking features
a: no special abilities


You were on level 2 of the Dungeon.
You were not hungry.
You were a tree.
You visited 1 branch of the dungeon, and saw 2 of its levels.

You collected 76 gold pieces.

Inventory:

Hand Weapons
 e - a +0 dagger (weapon)
 j - a +3 mace
Armour
 a - a +0 robe (melded)
 f - a +0 pair of gloves (melded)
Scrolls
 d - a scroll of recharging
Books
 b - a book of Flames

   Spells                             Type                      Level
   a - Flame Tongue                   Conjuration/Fire             1
   b - Throw Flame                    Conjuration/Fire             2
   c - Conjure Flame                  Conjuration/Fire             3
   d - Inner Flame                    Hexes/Fire                   3
   e - Sticky Flame                   Conjuration/Fire             4
   f - Fireball                       Conjuration/Fire             5
Comestibles
 c - 3 bread rations
 g - a fruit


   Skills:
 + Level 1.2 Fighting
 - Level 1.7 Dodging
 - Level 1.7 Stealth
 + Level 2.5 Spellcasting
 + Level 2.0 Conjurations
 * Level 3.4 Fire Magic


You had one spell level left.
You knew the following spells:

 Your Spells              Type           Power        Failure   Level  Hunger
a - Flame Tongue          Conj/Fire      ##...        6%          1    #......
b - Throw Flame           Conj/Fire      ##....       9%          2    ##.....
c - Conjure Flame         Conj/Fire      ##......     19%         3    ###....


Dungeon Overview and Level Annotations

Branches:
Dungeon (2/15)

Altars:

Annotations:
D:2 Crazy Yiuf, Sigmund


Innate Abilities, Weirdness & Mutations

((You are partially covered in large bone plates. (SH +4)))
((You are partially covered in sharp spines.))


Message History

Press: ? - help, Shift-Dir - straight line, f/p - Crazy Yiuf
Aim: Crazy Yiuf, wielding a quarterstaff of chaos and wearing an embroidered cloak (severely wounded)
The flame tongue hits Crazy Yiuf.
Crazy Yiuf is almost dead.
* * * LOW HITPOINT WARNING * * *
You feel sick. Crazy Yiuf barely misses you.
Your magical contamination has completely faded away.
You barely miss Crazy Yiuf.
Crazy Yiuf is almost dead.
* * * LOW HITPOINT WARNING * * *
You feel sick.
Crazy Yiuf hits you but does no damage. x2
You fade into invisibility!
You are very lightly contaminated with residual magic.
Unknown command.
You barely miss Crazy Yiuf.
Crazy Yiuf is almost dead.
Crazy Yiuf hits you with a quarterstaff of chaos.
* * * LOW HITPOINT WARNING * * *
Crazy Yiuf burns you.
You die...

#.###.#.# ##.##
#.##..#.# #.#
#.##.##.# #.#
#.##.##.# ##'##
#.##.##.###...##
#.......##.....##
##.#.####.......##
###....###.........#
.........'......♣..+
###....###......g..#
##...# ##.......##
#.### ##.....## #.#
##...## #.#
##'#######.##. #.#
#.##........# #.#
#.##.####@#.# #.#
### ##.##.#


You could see Crazy Yiuf.

Vanquished Creatures
  3 gnolls (D:2)
  2 worms
  A leopard gecko (D:1)
  4 bats
  2 giant cockroaches
  4 goblins
  2 hobgoblins
  2 jackals (D:1)
  A quokka (D:2)
  A ball python (D:1)
  3 kobolds (D:1)
  5 rats
30 creatures vanquished.

Notes
Turn   | Place    | Note
-------+----------+-------------------------------------------
     0 | D:1      | vatarom the Demonspawn Fire Elementalist began the quest for the Orb.
     0 | D:1      | Reached XP level 1. HP: 13/13 MP: 3/3
   344 | D:1      | Gained mutation: You are partially covered in sharp spines. [demonic ancestry]
   344 | D:1      | Reached XP level 2. HP: 18/19 MP: 0/5
   453 | D:1      | Reached skill level 3 in Fire Magic
   542 | D:1      | Learned a level 2 spell: Throw Flame
  1007 | D:2      | Gained mutation: You are partially covered in large bone plates. (SH +4) [demonic ancestry]
  1007 | D:2      | Reached XP level 3. HP: 10/25 MP: 3/6
  1019 | D:2      | Reached skill level 1 in Fighting
  1507 | D:2      | Noticed Sigmund
  1522 | D:2      | Found a runed door.
  1649 | D:2      | Learned a level 3 spell: Conjure Flame
  1649 | D:2      | Noticed Crazy Yiuf
  1702 | D:2      | HP: 1/39 [Crazy Yiuf/quarterstaff of chaos (2)]
  1702 | D:2      | Slain by Crazy Yiuf

Skill      XL: |  1  2  3 |
---------------+----------+-----
Fire Magic     | 3 |  3.4
Fighting       | 1 |  1.2
Conjurations   | 2 |  2.0
Dodging        | |  1.7
Stealth        | |  1.7
Spellcasting   | |  2.5

Action                   || total
-------------------------++-------
Melee: Unarmed           ||    16
       Dagger            ||    43
 Cast: Flame Tongue      ||    39
       Throw Flame       ||     2
       Conjure Flame     ||     1
  Use: Scroll            ||     5
       Potion            ||     3
 Stab: Sleeping          ||     1
  Eat: Chunk             ||     3
Armor: Robe              ||    11
       Skin              ||    13
Dodge: Dodged            ||    35
Block: Other             ||     4
